 Dungeon Crawl Stone Soup version 0.32-a0-22-g6ae6769602 (webtiles) character file.

Game seed: 8600564559265591374

6472 Sobieck the Skirmisher (level 10, -1/79 HPs)
             Began as a Mummy Hunter on Jan 18, 2024.
             Was a Priest of Qazlal.
             Slain by an acid dragon (12 damage)
             ... on level 9 of the Dungeon.
             The game lasted 00:16:10 (9096 turns).

Sobieck the Skirmisher (Mummy Hunter)               Turns: 9096, Time: 00:16:11

Health: -1/79      AC:  0    Str: 15    XL:     10   Next: 68%
Magic:  9/14       EV: 15    Int:  8    God:    Qazlal [***...]
Gold:   100        SH:  4    Dex: 20    Spells: 9/9 levels left

rFire   x . .        a - +1 longbow (heavy)
rCold   + . .        (shield currently unavailable)
rNeg    + + +        c - +0 leather armour
rPois   ∞            h - +0 helmet
rElec   .            k - +0 cloak
rCorr   .            q - +1 pair of gloves
SInv    +            d - +0 pair of boots
Will    +....        (no amulet)
Stlth   +            s - ring of see invisible
HPRegen 0.33/turn    (no ring)
MPRegen 0.14/turn

%: faith
@: corroded
A: cold resistance 1, negative energy resistance 3, torment resistance 2, heat
vulnerability 1, in touch with death 1, no potions, faith
a: Renounce Religion, Upheaval, Elemental Force


You were on level 9 of the Dungeon.
You worshipped Qazlal.
Qazlal was most pleased with you.
You visited 2 branches of the dungeon, and saw 10 of its levels.

You collected 527 gold pieces.
You spent 427 gold pieces at shops.

Inventory:

Hand Weapons
 a - a +1 heavy longbow (weapon)
 f - a +1 shortbow
 j - the +4 falchion "Leff" {flame, Int+4}
   (You found it on level 2 of the Dungeon)

   Int+4:     It affects your intelligence (+4).
 t - the +11 hand axe "Egafriek" {antimagic, rC+}
   (You took it off a wight on level 7 of the Dungeon)

   rC+:       It protects you from cold.
 x - a +1 triple crossbow
Missiles
 F - a curare-tipped dart
Armour
 c - a +0 leather armour (worn)
 d - a +0 pair of boots (worn)
 h - a +0 helmet (worn)
 i - the +0 robe "Vevearph" {Fly SInv}
   (You found it on level 5 of the Dungeon)

   SInv:      It lets you see invisible.
   Fly:       It grants you flight.
 k - a +0 cloak (worn)
 m - a +0 helmet
 q - a +1 pair of gloves (worn)
Jewellery
 s - a ring of see invisible (left hand)
Wands
 n - a wand of light (26)
 v - a wand of polymorph (7)
 D - a wand of digging (6)
 I - a wand of iceblast (30)
Scrolls
 b - 2 scrolls of noise
 e - 4 scrolls of poison
 g - a scroll of amnesia
 l - a scroll of vulnerability
 o - 2 scrolls of fear
 p - 2 scrolls of enchant armour
 r - a scroll of fog
 u - a scroll of silence {!r}
 R - 2 scrolls of identify
 T - 7 scrolls of teleportation


   Skills:
 - Level 7.0 Fighting
 + Level 10.2 Ranged Weapons
 - Level 6.0 Dodging
 - Level 0.7 Stealth
 - Level 6.0 Invocations


You had 9 spell levels left.
You didn't know any spells.
Your spell library contained the following spells:

 Spells                   Type           Power      Damage    Failure   Level
 Magic Dart               Conj           0%         1d3       47%         1
 Summon Small Mammal      Summ           0%         N/A       47%         1
 Searing Ray              Conj           0%         2d4       63%         2
 Call Canine Familiar     Summ           0%         N/A       85%         3
 Stone Arrow              Conj/Erth      0%         3d7       85%         3
 Summon Ice Beast         Ice/Summ       0%         N/A       85%         3
 Animate Armour           Summ/Erth      0%         N/A       99%         4
 Fulminant Prism          Conj/Alch      0%         3d5       99%         4
 Summon Blazeheart Golem  Fire/Summ      0%         N/A       99%         4
 Summon Mana Viper        Hex/Summ       0%         N/A       100%        5
 Monstrous Menagerie      Summ           0%         N/A       100%        7
 Orb of Destruction       Conj           0%         9d5       100%        7
 Spellforged Servitor     Conj/Summ      0%         N/A       100%        7
 Lehudib's Crystal Spear  Conj/Erth      0%         10d2      100%        8


Dungeon Overview and Level Annotations

Branches:
Dungeon (9/15)             Temple (1/1) D:5             Orc (0/2) D:9
   Lair: D:8-11

Altars:
Ashenzari
Cheibriados
Dithmenos
Fedhas
Gozag
Hepliaklqana
Kikubaaqudgha
Makhleb
Nemelex Xobeh
Okawaru
Qazlal
Ru
Sif Muna
Trog
Uskayaw
Vehumet
Wu Jian
Xom
Yredelemnul

Shops:
D:1 *   D:4 :(*!

Annotations:
D:4 1 runed translucent door, Crazy Yiuf


Innate Abilities, Weirdness & Mutations

You are immune to poison.
Your flesh is cold resistant. (rC+)
You are immune to negative energy. (rN+++)
You are immune to unholy pain and torment.
You are vulnerable to heat. (rF-)
You are in touch with the powers of death.
You do not drink.
You have a special connection with the divine. (Faith)


Message History

a +0 dagger; a +0 robe
Things that are here:
a +1 arbalest of flaming; a +0 glaive; a +0 plate armour You hear a roar!
An acid dragon comes into view.
The acid dragon roars!
The acid dragon spits acid at you. The splash of acid hits you!
Unknown command.
You shoot an arrow.
The arrow barely misses the acid dragon.
The acid dragon spits acid at you. The splash of acid hits you!!
The acid corrodes you!
You are too injured to fight recklessly!
You are too injured to fight recklessly!
You are too injured to fight recklessly!
Unknown command.
Danger!
Fire: a) +1 longbow (heavy)
Press: ? - help, Q - select action Shift-Dir - straight line, f/p - acid dragon
Aim: an acid dragon (catching its breath, 69% to hit)
You shoot an arrow.
The arrow closely misses the acid dragon.
Fire: a) +1 longbow (heavy)
Press: ? - help, Q - select action Shift-Dir - straight line, f/p - acid dragon
Aim: an acid dragon (69% to hit)
You shoot an arrow.
The arrow barely misses the acid dragon.
The acid dragon spits acid at you. The splash of acid hits you!!
* * * LOW HITPOINT WARNING * * *
The acid corrodes you! The acid dragon closely misses you.
You block the acid dragon's attack.
Unknown command.
Unknown command.
Okay, then.
Unknown command.
You can't drink.
Unknown command.
Activating: Elemental Force (8% risk of failure)
Press: ? - help, Dir - look around, f - activate Clouds arounds you coalesce and take form!
The acid dragon bites you.
* * * LOW HITPOINT WARNING * * *
The acid dragon barely misses you.
Unknown command.
Your air elemental completely misses the acid dragon. x2
The acid dragon attacks as it pursues you!
The acid dragon bites you!
You die...

# #.....# .# #
#.####.....# .# .#
#...# #..........#
.###.# #...#
#..........# .....
....###.###...##.# .D..
....... #...##.# ..#
.....#### #...##.###..#
..8.....# #...##......#
........###...##@DE...#
.....).).##...##.###..#
..>....8.)....##.# #..#
# .........##...##.#
#..# .#
........###...##.#
#..##.# ..8.)...#
#...##.# #.....#
.....#### #...##.#
#.....# ##..##..#
#...##.# #.o..
##..##..# #...##.# #.o#


You could see an acid dragon (ally target) and a friendly air elemental
(summoned).

Vanquished Creatures
  A two-headed ogre (D:8)
  A deep elf pyromancer (D:9)
  A troll (D:8)
  A hornet (D:8)
  A wyvern (D:9)
  4 yaks
  5 steam dragons
  Duvessa (D:5)
  4 orc warriors
  A black bear (D:7)
  2 ice beasts
  3 ogres
  A centaur (D:5)
  A kobold brigand (D:9)
  A phantom (D:4)
  4 bullfrogs
  A gnoll sergeant (D:9)
  12 wights
  Dowan (D:5)
  A burial acolyte (D:8)
  3 killer bees (D:8)
  2 howler monkeys
  An electric eel (D:8)
  4 bombardier beetles
  A gnoll bouda (D:7)
  5 orc priests
  3 hounds
  3 sleepcaps
  Natasha (D:3)
  4 iguanas
  8 orc wizards
  21 gnolls
  8 adders
  An adder zombie (D:8)
  A ribbon worm (D:4)
  4 dart slugs (D:4)
  37 orcs
  5 endoplasms
  2 giant cockroaches (D:4)
  6 goblins
  5 hobgoblins
  4 jackals
  3 quokkas
  11 ball pythons
  4 bats
  3 frilled lizards
  A jackal zombie (D:8)
  12 kobolds
  5 rats
215 creatures vanquished.

Notes
Turn   | Place    | Note
-------+----------+-------------------------------------------
     0 | D:1      | Sobieck the Mummy Hunter began the quest for the Orb.
     0 | D:1      | Reached XP level 1. HP: 16/16 MP: 1/1
    70 | D:1      | Reached XP level 2. HP: 22/22 MP: 2/2
   141 | D:1      | Found Xyupsir's Assorted Antiques.
   329 | D:1      | Reached skill level 4 in Ranged Weapons
   666 | D:1      | Reached XP level 3. HP: 27/27 MP: 3/3
   865 | D:2      | Identified the +4 falchion "Leff" {flame, Int+4}
   941 | D:2      | Found a sparkling altar of Nemelex Xobeh.
  1428 | D:2      | Reached XP level 4. HP: 26/33 MP: 4/4
  1478 | D:3      | Reached skill level 5 in Ranged Weapons
  1668 | D:3      | Noticed Natasha
  1862 | D:3      | Reached XP level 5. HP: 38/38 MP: 5/5
  2146 | D:3      | Killed Natasha
  2461 | D:4      | Identified a scroll of acquirement
  2461 | D:4      | Acquired a +1 heavy longbow
  2526 | D:4      | Found Jauxzos's Assorted Antiques.
  2529 | D:4      | Noticed a phantom
  2532 | D:4      | Killed a phantom
  2533 | D:4      | Reached skill level 6 in Ranged Weapons
  2533 | D:4      | Reached XP level 6. HP: 44/44 MP: 6/6
  2641 | D:4      | Found a runed translucent door.
  2642 | D:4      | Noticed Crazy Yiuf
  2843 | D:4      | Found Qiudd's Book Emporium.
  2882 | D:4      | Found Veiss's Antique Weapon Boutique.
  3015 | D:4      | Found Desm's Distillery.
  3190 | D:4      | Reached skill level 7 in Ranged Weapons
  3381 | D:5      | Entered Level 5 of the Dungeon
  3387 | D:5      | Identified the +0 robe "Vevearph" {Fly SInv}
  3428 | D:5      | Reached XP level 7. HP: 42/50 MP: 7/7
  3504 | D:5      | Found a staircase to the Ecumenical Temple.
  3512 | Temple   | Entered the Ecumenical Temple
  3552 | D:5      | Noticed Duvessa
  3553 | D:5      | Noticed Dowan
  3560 | D:5      | Killed Duvessa
  3561 | D:5      | Killed Dowan
  3613 | D:5      | Found an iron altar of Okawaru.
  3625 | D:5      | Found a radiant altar of Vehumet.
  3639 | D:5      | Found a blossoming altar of Fedhas.
  3664 | D:5      | Reached skill level 8 in Ranged Weapons
  3807 | D:5      | Reached XP level 8. HP: 43/56 MP: 8/8
  3889 | D:5      | Found a stormy altar of Qazlal.
  3893 | D:5      | Noticed an air elemental
  3898 | D:5      | Became a worshipper of Qazlal Stormbringer
  3986 | D:5      | Reached skill level 9 in Ranged Weapons
  4072 | D:5      | Found an opulent altar of Gozag.
  4604 | D:6      | Reached * piety under Qazlal
  4612 | D:6      | Reached skill level 10 in Ranged Weapons
  4971 | D:6      | Reached skill level 1 in Invocations
  5483 | D:7      | Reached XP level 9. HP: 62/62 MP: 8/10
  5488 | D:7      | Reached skill level 3 in Fighting
  5893 | D:7      | Reached skill level 3 in Dodging
  5973 | D:7      | Reached skill level 3 in Invocations
  6105 | D:7      | Reached ** piety under Qazlal
  6317 | D:7      | Identified the +11 hand axe "Egafriek" {antimagic, rC+}
  6445 | D:7      | Found a shadowy altar of Dithmenos.
  6942 | D:8      | Found a hazy altar of Hepliaklqana.
  7183 | D:8      | Found a sacrificial altar of Ru.
  7354 | D:8      | Noticed a two-headed ogre
  7508 | D:8      | Found an ancient bone altar of Kikubaaqudgha.
  7642 | D:8      | Killed a two-headed ogre
  7643 | D:8      | Reached skill level 6 in Fighting
  7643 | D:8      | Reached XP level 10. HP: 76/76 MP: 13/13
  7880 | D:9      | Reached *** piety under Qazlal
  7993 | D:9      | Found a staircase to the Orcish Mines.
  8694 | D:4      | Bought a triple crossbow for 270 gold pieces
  8769 | D:4      | Bought a scroll of enchant weapon for 157 gold pieces
  8976 | D:9      | Noticed a deep elf pyromancer
  8981 | D:9      | Killed a deep elf pyromancer
  8982 | D:9      | Reached skill level 6 in Dodging
  8982 | D:9      | Reached skill level 6 in Invocations
  9096 | D:9      | Slain by an acid dragon

Illustrated notes

Levels and vault maps discovered:
D:1:      saegor_arrival_simple_e, layout_loops_ring, serial_shops,
          nicolae_shop_just_a_little_nook
D:2:      wander_river, layout_basic, serial_bayou, serial_bayou_pond_d,
          serial_bayou_lake_a, serial_bayou_shore_a, serial_bayou_pond_c,
          basic_altar
D:3:      layout_basic, uniq_natasha
D:4:      layout_loops_corners, serial_shops, shop_fountains, shop,
          nicolae_book_shop_shelving, shop, minmay_pentangle,
          uniq_crazy_yiuf_cottage
D:5:      layout_gridville, nicolae_qazlal_style_of_elements,
          nicolae_overflow_quartered_altars, minmay_temple_entry_large_hall,
          minmay_fractal_squares_5, uniq_duvessa
D:6:      layout_basic, minmay_fountain_box, columned_hall_lemuel,
          kennysheep_nondescript
D:7:      kennysheep_steamy, layout_basic,
          nicolae_dithmenos_through_a_glass_darkly
D:8:      layout_loops_ring, mainiacjoe_overflow_alcove_2,
          nicolae_hepliaklqana_hazy_memory, lemuel_zombie_altar_kikubaaqudgha,
          kennysheep_generic_room_9
D:9:      layout_long_grid, david_orc_2, due_unseen_surprise
Temple:   nicolae_temple_bog_church

Skill      XL: |  1  2  3  4  5  6  7  8  9 10 |
---------------+-------------------------------+-----
Ranged Weapons | 4 5 6 7 8 10 | 10.2
Dodging        | 2 4 6 |  6.0
Invocations    | 1 4 6 |  6.0
Fighting       | 6 7 |  7.0
Stealth        | |  0.7

Action                     |  1- 3 |  4- 6 |  7- 9 | 10-12 || total
---------------------------+-------+-------+-------+-------++-------
   Fire: Shortbow          |   124 |   126 |       |       ||   250
         Longbow           |       |    51 |   199 |    82 ||   332
         Triple crossbow   |       |       |       |     3 ||     3
 Invoke: Elemental Force   |       |       |       |     1 ||     1
    Use: Scroll            |       |    11 |     2 |     3 ||    16
 Armour: Leather armour    |    27 |    57 |    95 |    49 ||   228
  Dodge: Dodged            |    30 |    48 |    91 |    63 ||   232
  Block: Other             |       |       |     6 |    14 ||    20

Table legend: (Time is in decaauts)
 A = Elapsed time spent in this place.
 B = Non-inter-level travel time spent in this place.
 C = Inter-level travel time spent in this place.
 D = Time resting spent in this place.
 E = Time spent auto-exploring this place.
 F = Levels seen in this place.
 G = Mean time per level.
                   A        B        C        D        E       F      G
               +--------+--------+--------+--------+--------+-----+--------+
         Total |   9529 |   8849 |    680 |   1338 |   5494 |  10 |  952.9 |
       Dungeon |   9527 |   8847 |    680 |   1338 |   5494 |   9 | 1058.6 |
        Temple |      1 |      1 |      0 |      0 |      0 |   1 |    1.0 |
               +--------+--------+--------+--------+--------+-----+--------+

Top non-repeatable levels by time:
     D:7: 1499 daAuts
     D:8: 1447 daAuts
     D:4: 1419 daAuts
     D:6: 1213 daAuts
     D:5: 1004 daAuts
     D:2: 817 daAuts
     D:3: 762 daAuts
     D:1: 696 daAuts
     D:9: 665 daAuts
  Temple: 1 daAuts
